 Dungeon Crawl Stone Soup version 0.23.2-1-ga50397a (webtiles) character file.

Game seed: 29505483749008060

26 Iscandelvey the Vexing (level 2, -4/21 HPs)
             Began as a Demonspawn Arcane Marksman on May 11, 2019.
             Slain by an adder (5 damage)
             ... on level 2 of the Dungeon.
             The game lasted 00:01:55 (880 turns).

Iscandelvey the Vexing (Demonspawn Arcane Marksman)  Turns: 880, Time: 00:01:57

Health: -4/21      AC:  5    Str: 10    XL:     2   Next: 89%
Magic:  3/3        EV:  9    Int: 14    God:
Gold:   40         SH:  6    Dex: 13    Spells: 2/3 levels left

rFire    + . .     SeeInvis .   a - +0 hand crossbow
rCold    x . .     Gourm    .   (no shield)
rNeg     . . .     Faith    .   e - +0 robe
rPois    .         Spirit   .   (no helmet)
rElec    .         Reflect  +   (no cloak)
rCorr    .         Harm     .   d - +2 pair of gloves
MR       .....                  (no boots)
Stlth    +.........             i - +2 amulet of reflection
HPRegen  0.07/turn              g - ring of fire
MPRegen  0.08/turn              (no ring)

@: hasted, constricted, very quick
A: large bone plates 1
a: no special abilities


You were on level 2 of the Dungeon.
You were not hungry.

You visited 1 branch of the dungeon, and saw 2 of its levels.

You collected 40 gold pieces.

Inventory:

Hand Weapons
 a - a +0 hand crossbow (weapon)
Armour
 d - a +2 pair of gloves (worn)
 e - a +0 robe (worn)
Jewellery
 g - a ring of fire (left hand)
 i - a +2 amulet of reflection (around neck)
 n - an uncursed amulet of guardian spirit
Scrolls
 c - 2 scrolls of noise {unknown}
 h - 2 scrolls of teleportation {unknown}
 j - a scroll of magic mapping {unknown}
 l - 2 scrolls of identify {unknown}
Potions
 b - a potion of resistance {unknown}
 m - a potion of degeneration {unknown}
 o - a potion of curing {unknown}
 p - a potion of brilliance {unknown}
Comestibles
 f - 2 rations


   Skills:
 + Level 1.1 Fighting
 + Level 2.5 Crossbows
 + Level 1.9 Dodging
 + Level 1.0 Spellcasting
 + Level 3.3 Hexes


You had 2 spell levels left.
You knew the following spells:

 Your Spells              Type           Power        Failure   Level  Hunger
a - Corona                Hex            ##.....      7%          1    ##.....

Your spell library contained the following spells:

 Spells                   Type           Power        Failure   Level  Hunger
 Slow                     Hex            ##......     10%         2    ###....
 Inner Flame              Hex/Fire       #.......     36%         3    ####...
 Portal Projectile        Hex/Tloc       #.....       36%         3    ####...
 Cause Fear               Hex            ##........   54%         4    #####..
 Leda's Liquefaction      Hex/Erth       #.........   78%         4    #####..


Dungeon Overview and Level Annotations

Branches:
Dungeon (2/15)

Altars:


Innate Abilities, Weirdness & Mutations

You are partially covered in large bone plates. (SH +4)


Message History

A frilled lizard comes into view.
Your extra speed is starting to run out.
You see here 15 arrows.
You see here a bolt.
q - a bolt A worm comes into view.
You feel yourself slow down.
Found an escape hatch in the floor and an escape hatch in the ceiling.
Firing (i - inventory)
q - a bolt (quivered)
Press: ? - help, Shift-Dir - straight line, f/p - adder
Aim: an adder (heavily wounded)
You shoot a bolt. The bolt closely misses the adder.
You block the adder's attack.
You feel yourself speed up. The adder bites you but does no damage.
The ball python bites you.
* * * LOW HITPOINT WARNING * * *
The ball python grabs you.
* * * LOW HITPOINT WARNING * * *
The ball python constricts you. The adder bites you.
You die...

... ..................
###..........(..........
..#...####.##......#....
..............(........
..#...#.............###.
...........l........#...
....#........(##........
........S....(#.........
.......@S.(.((#.........
>...........#†#.........
.#..........#........#'#
#..........#......$.#.#
#..........#........#.#
#..........#.#+#+####.#
#..........#.# #.#
#..#......<#.### #.#
#l#.# #.#


You could see an adder, a ball python and a frilled lizard.

Vanquished Creatures
  2 worms (D:2)
  A ball python (D:1)
  A giant cockroach (D:1)
  4 goblins
  2 hobgoblins (D:2)
  4 bats (D:1)
  2 frilled lizards
  3 kobolds (D:1)
  A rat (D:2)
20 creatures vanquished.

Notes
Turn   | Place    | Note
-------+----------+-------------------------------------------
     0 | D:1      | Iscandelvey the Demonspawn Arcane Marksman began the quest
                  | for the Orb.
     0 | D:1      | Reached XP level 1. HP: 15/15 MP: 2/2
   348 | D:1      | Gained mutation: You are partially covered in large bone
                  | plates. (SH +4) [demonic ancestry]
   348 | D:1      | Reached XP level 2. HP: 21/21 MP: 3/3
   880 | D:2      | HP: 1/21 [ball python (1)]
   880 | D:2      | Slain by an adder

Skill      XL: |  1 |
---------------+----+-----
Crossbows      | 2 |  2.5
Fighting       | |  1.1
Dodging        | |  1.9
Spellcasting   | |  1.0
Hexes          | |  3.3

Action                   || total
-------------------------++-------
Melee: Hand crossbow     ||     1
 Fire: Hand crossbow     ||    59
  Use: Potion            ||     2
Armor: Robe              ||     6
Dodge: Dodged            ||    17
Block: Other             ||    10
       Reflection        ||     1
